AoeStats
← WilliamWallace

Arabia

509512312Analyzed
1v1 RM · 5d ago on Sep 27, 2026· 49m 14s· 2 players
Game mode
Random Map
Map size
Tiny (2 player)
Population
200
Speed
Normal
Resources
Standard
Victory
Conquest
Starting age
Dark Age
Ending age
Imperial Age
RankedLock teamsTeams togetherTeam positionsShared explorationLock speedFull tech treeHidden civsTurbo modeCheats
Victory
Defeat
🇨🇱 Gurjaras · Chile
1139
+14
🇨🇦 Inca · Canada
1097
-14
mattyloz
7:51 Loom
10:40 Feudal Age
13:12 Double-Bit Axe
14:49 Fletching
23:03 Castle Age
21:51 Padded Archer Armor
22:41 Scale Mail Armor
23:14 Crossbowman
24:54 Chain Mail Armor
24:49 Forging
24:38 Pikeman
26:01 Bow Saw
26:33 Forging
28:59 Squires
31:16 Horse Collar
41:23 Bodkin Arrow
WilliamWallace
6:42 Loom
6:51 Loom
9:16 Feudal Age
10:00 Double-Bit Axe
17:27 Wheelbarrow
19:58 Castle Age
18:09 Horse Collar
18:46 Fletching
20:49 Forging
22:02 Bloodlines
21:13 Light Cavalry
21:56 Fletching
24:16 Scale Barding Armor
28:32 Town Watch
29:03 Hand Cart
34:10 Bodkin Arrow
36:46 Husbandry
38:07 Iron Casting
37:54 Chain Barding Armor
42:31 Heavy Plow
47:51 Imperial Age
48:12 Hussar
49:31 Plate Barding Armor
Connection lost

Rejoining the realm…

Still unreachable

The connection could not be restored.

Session expired

The server has moved on; the page needs a fresh start.